 Dungeon Crawl Stone Soup version 0.29-a0-330-g52719c12eb (webtiles) character file.

Game seed: 902748402405093062

121 Ajdolov the Slasher (level 5, -1/43 HPs)
             Began as a Merfolk Monk on Apr 19, 2022.
             Slain by an iguana (11 damage)
             ... on level 4 of the Dungeon.
             The game lasted 00:02:47 (2701 turns).

Ajdolov the Slasher (Merfolk Monk)                  Turns: 2701, Time: 00:02:48

Health: -1/43      AC:  7    Str: 11    XL:     5   Next: 5%
Magic:  5/5        EV: 12    Int: 10    God:
Gold:   112        SH:  0    Dex: 18    Spells: 4/4 levels left

rFire   . . .      SeeInvis +   a - +0 falchion
rCold   . . .      Faith    .   (no shield)
rNeg    . . .      Spirit   .   x - +0 ring mail
rPois   .          Reflect  .   l - +0 hat
rElec   .          Harm     .   (no cloak)
rCorr   .          Rampage  .   z - +0 pair of gloves
Will    .....                   e - +0 pair of boots
Stlth   ++........              w - amulet of the acrobat
HPRegen 0.14/turn               f - ring of see invisible
MPRegen 0.09/turn               (no ring)

@: no status effects
A: (nimble swimmer 2), mertail
a: no special abilities


You were on level 4 of the Dungeon.
You visited 1 branch of the dungeon, and saw 4 of its levels.

You collected 112 gold pieces.

Inventory:

Hand Weapons
 a - a +0 falchion (weapon)
Armour
 e - a +0 pair of boots (worn)
 l - a +0 hat (worn)
 x - a +0 ring mail (worn)
 z - a +0 pair of gloves (worn)
Jewellery
 f - a ring of see invisible (left hand)
 w - an amulet of the acrobat (around neck)
 y - a ring of willpower
Scrolls
 d - 3 scrolls of teleportation {unknown}
 i - a scroll of holy word {unknown}
 k - a scroll of magic mapping {unknown}
 m - 2 scrolls of noise {unknown}
 p - 4 scrolls of identify {unknown}
 r - a scroll of vulnerability {unknown}
 s - a scroll of amnesia {unknown}
 v - a scroll of fog {unknown}
 A - a scroll of enchant armour {unknown}
Potions
 b - a potion of might {unknown}
 c - 2 potions of ambrosia
 g - a potion of resistance {unknown}
 h - a potion of attraction {unknown}
 j - 2 potions of lignification {unknown}
 n - a potion of flight {unknown}
 o - a potion of mutation {unknown}
 q - a potion of experience {unknown}
 t - a potion of haste {unknown}
 u - 5 potions of curing {unknown}


   Skills:
 + Level 4.4 Fighting
 * Level 5.9 Long Blades
 - Level 4.0 Dodging
 - Level 2.1 Stealth


You had 4 spell levels left.
You didn't know any spells.
Your spell library contained the following spells:

 Spells                   Type           Power      Damage    Failure   Level
 Blink                    Tloc           0%         N/A       80%         2
 Lesser Beckoning         Tloc           0%         N/A       95%         3
 Iskenderun's Battlesphe  Conj           0%         2d6       100%        5
 Manifold Assault         Tloc           0%         N/A       100%        5
 Iron Shot                Conj/Erth      0%         9d1       100%        6
 Spellforged Servitor     Conj/Summ      0%         N/A       100%        7


Dungeon Overview and Level Annotations

Branches:
Dungeon (4/15)
 Temple: D:4-7

Altars:
Qazlal
Zin


Innate Abilities, Weirdness & Mutations

((You are very nimble when in or above water. (Stealth+, EV+, Speed+++)))
Your lower body shifts to a powerful aquatic tail in water.


Message History

You have reached level 5!
You feel clever.
You now have 112 gold pieces (gained 13).
d - 2 scrolls labelled GIWNITTURY (gained 1)
Found a leather armour.
A - a scroll labelled GELAIT UTEHEFU
Found a stone staircase leading up.
You see here a +0 leather armour.
d - 3 scrolls labelled GIWNITTURY (gained 1)
Found a stone staircase leading down.
There is a stone staircase leading down here.
Found a stone staircase leading down.
A ball python and an iguana come into view.
The iguana hisses angrily.
The ball python hisses angrily.
You closely miss the iguana. The iguana barely misses you.
You hit the iguana but do no damage. The iguana barely misses you.
You hit the iguana.
The iguana is lightly wounded.
The iguana barely misses you.
You closely miss the iguana.
The iguana is lightly wounded.
The iguana bites you!
You barely miss the iguana.
The iguana is lightly wounded.
The iguana bites you.
You slash the iguana!
The iguana is almost dead.
The iguana bites you!
You barely miss the iguana.
The iguana is almost dead.
The iguana bites you.
You hit the iguana.
The iguana is almost dead.
The iguana bites you!
* * * LOW HITPOINT WARNING * * *
You hit the iguana but do no damage.
The iguana is almost dead.
The iguana bites you!
You die...

.... #....# ...##....####
...........## ........>... ##
######### .........# .#
#.......## .......# .#
#........#.#####....##### .#
#........#...@lS.........
.###........#######...#.###
............# #...#.# ##
####[.......# #...#.# ..
#.......## #...#.# .# .
#####......# #...#.##.##..
...##.#....########...#........
..<##.#.[..##...............#
............................#


You could see an iguana and a ball python.

Vanquished Creatures
  A hound (D:4)
  4 adders
  3 worms (D:3)
  A dart slug (D:2)
  3 bats
  5 endoplasms
  4 giant cockroaches
  3 goblins
  2 hobgoblins
  2 jackals (D:4)
  2 quokkas (D:2)
  2 ball pythons (D:1)
  2 frilled lizards
  6 kobolds
  4 rats
44 creatures vanquished.

Vanquished Creatures (others)
  3 fungi (D:3)
3 creatures vanquished.

Grand Total: 47 creatures vanquished

Notes
Turn   | Place    | Note
-------+----------+-------------------------------------------
     0 | D:1      | Ajdolov the Merfolk Monk began the quest for the Orb.
     0 | D:1      | Reached XP level 1. HP: 18/18 MP: 1/1
   197 | D:1      | Reached skill level 4 in Long Blades
   204 | D:1      | Found a faded altar of an unknown god.
   313 | D:1      | Reached XP level 2. HP: 22/24 MP: 2/2
  1081 | D:2      | Reached XP level 3. HP: 30/30 MP: 3/3
  1370 | D:2      | Reached skill level 5 in Long Blades
  1534 | D:3      | Found a stormy altar of Qazlal.
  1560 | D:3      | Found a glowing silver altar of Zin.
  1592 | D:3      | Reached XP level 4. HP: 27/37 MP: 4/4
  2276 | D:3      | Noticed an ice beast
  2448 | D:4      | Reached XP level 5. HP: 27/43 MP: 5/5
  2701 | D:4      | Slain by an iguana

Illustrated notes

Levels and vault maps discovered:
D:1:      saegor_arrival_simple_a, layout_basic, ebering_ecumenical_altar_webs,
          minmay_tiny_reverse_x
D:2:      layout_rooms
D:3:      layout_rooms, mainiacjoe_overflow_cross_hatched,
          mainiacjoe_overflow_catwalk, minmay_misc_feat_columns
D:4:      layout_loops_cross

Skill      XL: |  1  2  3 |
---------------+----------+-----
Long Blades    | 4 5 |  5.9
Fighting       | 4 |  4.4
Dodging        | |  4.0
Stealth        | |  2.1

Action                   |  1- 3 |  4- 6 || total
-------------------------+-------+-------++-------
Melee: Falchion          |    99 |    77 ||   176
 Stab: Sleeping          |     3 |     1 ||     4
       Distracted        |       |     1 ||     1
Armor: Robe              |    32 |     8 ||    40
       Ring mail         |       |    14 ||    14
Dodge: Dodged            |    72 |    40 ||   112

Table legend: (Time is in decaauts)
 A = Elapsed time spent in this place.
 B = Non-inter-level travel time spent in this place.
 C = Inter-level travel time spent in this place.
 D = Time resting spent in this place.
 E = Time spent auto-exploring this place.
 F = Levels seen in this place.
 G = Mean time per level.
                   A        B        C        D        E       F      G
               +--------+--------+--------+--------+--------+-----+--------+
         Total |   2709 |   2669 |     40 |      0 |   2153 |   4 |  677.2 |
       Dungeon |   2709 |   2669 |     40 |      0 |   2153 |   4 |  677.2 |
               +--------+--------+--------+--------+--------+-----+--------+

Top non-repeatable levels by time:
     D:2: 920 daAuts
     D:3: 761 daAuts
     D:1: 619 daAuts
     D:4: 407 daAuts
